 Dungeon Crawl Stone Soup version 0.29-a0-598-gd8304a5bf4 (webtiles) character file.

Game seed: 1699291713713122326

163 vineage the Skirmisher (level 5, -1/34 HPs)
             Began as a Gargoyle Fighter on June 15, 2022.
             Slain by Sigmund
             ... wielding a +0 scythe
              (7 damage)
             ... on level 3 of the Dungeon.
             The game lasted 00:02:19 (3313 turns).

vineage the Skirmisher (Gargoyle Fighter)           Turns: 3313, Time: 00:02:19

Health: -1/34      AC: 13    Str: 21    XL:     5   Next: 44%
Magic:  5/5        EV:  9    Int:  9    God:
Gold:   200        SH:  4    Dex:  9    Spells: 4/4 levels left

rFire   + . .      SeeInvis .   a - +0 flail
rCold   . . .      Faith    .   c - +0 buckler
rNeg    + . .      Spirit   .   b - +0 scale mail
rPois   ∞          Reflect  .   (no helmet)
rElec   +          Harm     .   j - +0 cloak
rCorr   .          Rampage  .   m - +0 pair of gloves
Will    .....                   (no boots)
Stlth   ..........              (no amulet)
HPRegen 0.11/turn               k - ring of protection from fire
MPRegen 0.09/turn               (no ring)

@: mighty
A: sickness immunity, AC +4, negative energy resistance 1, electricity
resistance, torment resistance 1, petrification resistance
a: no special abilities


You were on level 3 of the Dungeon.
You visited 1 branch of the dungeon, and saw 3 of its levels.

You collected 200 gold pieces.

Inventory:

Hand Weapons
 a - a +0 flail (weapon)
Armour
 b - a +0 scale mail (worn)
 c - a +0 buckler (worn)
 j - a +0 cloak (worn)
 m - a +0 pair of gloves (worn)
Jewellery
 k - a ring of protection from fire (left hand)
Wands
 g - a wand of acid (12)
 l - a wand of charming (4)
Potions
 d - a potion of might
 e - 2 potions of lignification
 h - a potion of invisibility
 i - a potion of heal wounds
 n - a potion of brilliance
 o - a potion of ambrosia


   Skills:
 * Level 4.8 Fighting
 * Level 3.7 Maces & Flails
 + Level 4.1 Armour
 - Level 3.2 Shields


You had 4 spell levels left.
You didn't know any spells.
Your spell library was empty.

Dungeon Overview and Level Annotations

Branches:
Dungeon (3/15)

Altars:

Annotations:
D:1 2 runed translucent doors
D:3 Sigmund


Innate Abilities, Weirdness & Mutations

You are immune to sickness and miasma.
Your stone body is resilient. (AC +4)
You are immune to poison.
You resist negative energy. (rN+)
You are resistant to electric shocks. (rElec)
You are resistant to unholy torment.
You are immune to petrification.


Message History

A puff of flame appears from out of thin air!
The puff of flame hits you. You resist.
You barely miss something. Something hits you but does no damage.
You closely miss something. Something completely misses you.
You hit something. Something hits you but does no damage.
You barely miss something. Something hits you but does no damage.
You miss something. You closely miss something. Something hits you.
You miss something. Something hits you!
* * * LOW HITPOINT WARNING * * *
You thump something!
Sigmund appears from thin air!
Reactivating autopickup.
Sigmund flickers, as though insubstantial.
Sigmund closely misses you.
You barely miss Sigmund.
Sigmund is severely wounded.
Sigmund gestures at you while chanting.
The puff of flame hits you but does no damage.
You completely miss Sigmund.
Sigmund is severely wounded.
Sigmund casts a spell.
Sigmund flickers and vanishes!
Deactivating autopickup; reactivate with Ctrl-A.
You barely miss something. Something hits you.
* * * LOW HITPOINT WARNING * * *
You feel better.
You hear some strange, mumbled words.
A magic dart appears from out of thin air!
The magic dart hits you but does no damage.
You barely miss something.
You hear some strange, mumbled words.
A puff of flame appears from out of thin air!
The puff of flame hits you. You resist.
* * * LOW HITPOINT WARNING * * *
You closely miss something.
You hear some strange, mumbled words.
Something tries to affect you, but you resist.
You barely miss something. Something hits you but does no damage.
You miss something. Something hits you!
You die...

#.##.#.........# #
##.##...#.######### .#
#.......#.#.......####.#
#####..................#
##.........)...........#
#...............<......###
######....................
#.........#.#.#{#.........
###.#######.#.#@#....<....
#...........#.#.........
#####......##.#.###.....
#.........#.# .....
#......#..#.# ....
######....#.# ... #.##.#.#
.(. ####'##+#+###
#.....>......


There were no monsters in sight!

Vanquished Creatures
  Crazy Yiuf (D:2)
  Ijyb (D:3)
  Terence (D:2)
  Robin (D:2)
  2 adders
  A worm (D:2)
  A dart slug (D:1)
  4 bats (D:2)
  7 endoplasms
  A giant cockroach (D:1)
  13 goblins
  4 hobgoblins
  A jackal (D:2)
  3 kobolds
  5 ball pythons
  A frilled lizard (D:2)
  2 rats
49 creatures vanquished.

Notes
Turn   | Place    | Note
-------+----------+-------------------------------------------
     0 | D:1      | vineage the Gargoyle Fighter began the quest for the Orb.
     0 | D:1      | Reached XP level 1. HP: 14/14 MP: 1/1
    54 | D:1      | Found a large runed translucent door.
    54 | D:1      | Found a large runed translucent door.
    56 | D:1      | Noticed an ogre
    56 | D:1      | Noticed an ogre
    56 | D:1      | Noticed an ogre
    57 | D:1      | Noticed an ogre
   154 | D:1      | Reached XP level 2. HP: 19/19 MP: 2/2
  1134 | D:2      | Noticed Terence
  1152 | D:2      | Killed Terence
  1153 | D:2      | Reached XP level 3. HP: 3/24 MP: 3/3
  1591 | D:2      | Reached XP level 4. HP: 17/29 MP: 4/4
  2240 | D:2      | Noticed Robin
  2256 | D:2      | Killed Robin
  2719 | D:2      | Found a runed translucent door.
  2720 | D:2      | Noticed Crazy Yiuf
  2960 | D:2      | Killed Crazy Yiuf
  2961 | D:2      | Reached XP level 5. HP: 17/34 MP: 5/5
  3150 | D:3      | Noticed Ijyb
  3178 | D:3      | Killed Ijyb
  3278 | D:3      | Noticed Sigmund
  3313 | D:3      | Slain by Sigmund

Illustrated notes

Levels and vault maps discovered:
D:1:      erik_arrival_cave_to_civilisation [erik_arrival_cave_to_temple],
          layout_loops_ring
D:2:      minmay_razor_zed, layout_basic, uniq_robin, uniq_terence,
          uniq_crazy_yiuf_cottage
D:3:      layout_basic, uniq_sigmund, uniq_ijyb

Skill      XL: |  1  2  3  4 |
---------------+-------------+-----
Fighting       | 4 |  4.8
Maces & Flails | 3 |  3.7
Armour         | 4 |  4.1
Shields        | |  3.2

Action                   |  1- 3 |  4- 6 || total
-------------------------+-------+-------++-------
Melee: Flail             |    73 |   140 ||   213
  Use: Potion            |     1 |     2 ||     3
       Scroll            |       |     8 ||     8
Armor: Scale mail        |    45 |    92 ||   137
       Skin              |     6 |       ||     6
Dodge: Dodged            |    40 |    79 ||   119
Block: Buckler           |    13 |    28 ||    41

Table legend: (Time is in decaauts)
 A = Elapsed time spent in this place.
 B = Non-inter-level travel time spent in this place.
 C = Inter-level travel time spent in this place.
 D = Time resting spent in this place.
 E = Time spent auto-exploring this place.
 F = Levels seen in this place.
 G = Mean time per level.
                   A        B        C        D        E       F      G
               +--------+--------+--------+--------+--------+-----+--------+
         Total |   3373 |   3292 |     81 |      0 |   2847 |   3 | 1124.3 |
       Dungeon |   3373 |   3292 |     81 |      0 |   2847 |   3 | 1124.3 |
               +--------+--------+--------+--------+--------+-----+--------+

Top non-repeatable levels by time:
     D:2: 2043 daAuts
     D:1: 1136 daAuts
     D:3: 194 daAuts
